 Dungeon Crawl Stone Soup version 0.24.1 (webtiles) character file.

Game seed: 108892104199309204, levelgen mode: deterministic

75 Amplified the Ducker (level 4, -2/36 HPs)
             Began as a Minotaur Earth Elementalist on Mar 28, 2020.
             Was an Initiate of Okawaru.
             Slain by an iguana (12 damage)
             ... on level 3 of the Dungeon.
             The game lasted 00:03:29 (1789 turns).

Amplified the Ducker (Minotaur Earth Elementalist)  Turns: 1789, Time: 00:03:29

Health: -2/36      AC:  7    Str: 16 (18) XL:     4   Next: 11%
Magic:  5/5        EV:  6    Int: 12      God:    Okawaru [......]
Gold:   84         SH: 11    Dex: 11      Spells: 4/5 levels left

rFire    + . .     SeeInvis .   p - +1 whip (elec)
rCold    . . .     Gourm    .   c - +0 large shield
rNeg     . . .     Faith    .   k - +0 ring mail
rPois    .         Spirit   .   (helmet restricted)
rElec    .         Reflect  .   (no cloak)
rCorr    .         Harm     .   (no gloves)
MR       .....                  (no boots)
Stlth    +.........             h - amulet of magic regeneration
HPRegen  0.12/turn              f - ring of flight
MPRegen  0.34/turn              (no ring)

@: mighty, flying
A: retaliatory headbutt, horns 2, slimy green scales 1, fire resistance 1
a: Renounce Religion


You were on level 3 of the Dungeon.
You worshipped Okawaru.
Okawaru was noncommittal.
You were not hungry.

You visited 1 branch of the dungeon, and saw 3 of its levels.

You collected 84 gold pieces.

Inventory:

Hand Weapons
 g - a +0 hunting sling
 p - a +1 whip of electrocution (weapon)
Missiles
 b - 100 stones (quivered)
Armour
 c - a +0 large shield (worn)
 k - a +0 ring mail (worn)
Jewellery
 f - a ring of flight (left hand)
 h - an amulet of magic regeneration (around neck)
Scrolls
 a - a scroll of remove curse
Potions
 l - 2 potions of brilliance
 n - a potion of agility {unknown}
 o - a potion of haste {unknown}
Comestibles
 d - 6 rations


   Skills:
 * Level 2.2 Fighting
 * Level 0.0 Maces & Flails
 * Level 1.4 Slings
 * Level 2.2 Armour
 - Level 2.9 Dodging
 - Level 1.5 Stealth
 * Level 0.7 Shields
 - Level 1.3 Spellcasting
   Level 0.7 Transmutations
 - Level 2.4 Earth Magic
 * Level 0.0 Invocations


You had 4 spell levels left.
You knew the following spells:

 Your Spells              Type           Power        Failure   Level  Hunger
a - Sandblast             Erth           #.....       99%         1    ##.....

Your spell library contained the following spells:

 Spells                   Type           Power        Failure   Level  Hunger
 Passwall                 Tmut/Erth      #.......     100%        2    ###....
 Stone Arrow              Conj/Erth      #.....       100%        3    ####...
 Petrify                  Tmut/Erth      #.......     100%        4    #####..
 Lee's Rapid Deconstruct  Erth           #.........   100%        5    ######.


Dungeon Overview and Level Annotations

Branches:
Dungeon (3/15)

Altars:
Okawaru
Ru


Innate Abilities, Weirdness & Mutations

You reflexively headbutt those who attack you in melee.
You have a pair of horns on your head.
You are partially covered in slimy green scales. (AC +2)
Your flesh is heat resistant. (rF+)


Message History

Unknown command.
You feel very mighty all of a sudden. You block the iguana's attack.
You completely miss the iguana.
The iguana is moderately wounded.
The iguana bites you.
* * * LOW HITPOINT WARNING * * *
You closely miss the iguana. Your headbutt misses the iguana.
The iguana is moderately wounded.
You block the iguana's attack.
The iguana bites you but does no damage.
Unknown command.
Okay, then.
It was a potion of flight.
You feel very buoyant.
You fly up into the air.
You block the iguana's attack.
You hit the iguana.
The iguana is heavily wounded.
The iguana bites you!
You die...

#......#.##.##.##.#
###...............#
#........####.#### #........#
#.# #........# #.#
#.....#..####.###
........#_#........########
.###.....#..##.###........#####
#..).. ..##@# #>.....<......
#.......###l###..##..#.#####
###.######.......##..#.# ..
#.##.#..#####.# #..
#(##รท#..#####.# #.
#)##.#........# #)##)#..#######
. #.......###
...#####.........#


You could see an iguana.

Vanquished Creatures
  An adder (D:2)
  An ooze (D:3)
  2 worms (D:2)
  2 leopard geckos
  An orc (D:3)
  2 ball pythons
  8 bats
  3 giant cockroaches
  6 goblins
  5 hobgoblins
  A quokka (D:3)
  13 frilled lizards
  7 kobolds
  5 rats
57 creatures vanquished.

Notes
Turn   | Place    | Note
-------+----------+-------------------------------------------
     0 | D:1      | Amplified the Minotaur Earth Elementalist began the quest
                  | for the Orb.
     0 | D:1      | Reached XP level 1. HP: 14/14 MP: 1/1
   160 | D:1      | Reached skill level 1 in Fighting
   160 | D:1      | Reached skill level 1 in Armour
   161 | D:1      | Reached XP level 2. HP: 23/23 MP: 3/3
   210 | D:1      | Gained mutation: You are partially covered in slimy green
                  | scales. (AC +2) [potion of mutation]
   210 | D:1      | Gained mutation: Your flesh is heat resistant. (rF+)
                  | [potion of mutation]
   838 | D:2      | Reached XP level 3. HP: 29/29 MP: 4/4
   965 | D:2      | Reached skill level 1 in Slings
  1187 | D:2      | Found a sacrificial altar of Ru.
  1674 | D:3      | Reached XP level 4. HP: 24/36 MP: 5/5
  1714 | D:3      | Found an iron altar of Okawaru.
  1726 | D:3      | Became a worshipper of Warmaster Okawaru
  1789 | D:3      | Slain by an iguana

Levels and vault maps discovered:
D:1:      saegor_arrival_simple_c, layout_rooms, minmay_lizard_pond
D:2:      layout_basic, overflow_temple_1_default, feat_on_display
D:3:      layout_loops_cross, gammafunk_temple_overflow_wave,
          yredelemnul_altar_generic, first_ration, okawaru_metal_pillars_1_2,
          uniq_robin

Skill      XL: |  1  2  3 |
---------------+----------+-----
Fighting       | 1 2 |  2.2
Armour         | 1 2 |  2.2
Slings         | 1 |  1.4
Dodging        | |  2.9
Stealth        | |  1.5
Shields        | |  0.7
Spellcasting   | |  1.3
Transmutations | |  0.7
Earth Magic    | |  2.4

Action                   |  1- 3 |  4- 6 || total
-------------------------+-------+-------++-------
Melee: Unarmed           |    27 |       ||    27
       Whip              |     4 |    20 ||    24
       Headbutt          |     3 |     2 ||     5
 Fire: Hunting sling     |   155 |       ||   155
 Cast: Sandblast         |     2 |       ||     2
  Use: Scroll            |     7 |       ||     7
       Potion            |     2 |     3 ||     5
  Eat: Chunk             |     2 |     1 ||     3
Armor: Robe              |    14 |       ||    14
       Ring mail         |    38 |     5 ||    43
Dodge: Dodged            |    60 |     3 ||    63
Block: Large shield      |    35 |    10 ||    45
